 Dungeon Crawl Stone Soup version 0.24-a0-422-g9eff3895ba (webtiles) character file.

Game seed: 12555042239042159101

249512 Gargoyl the Corrupter of Planes (level 19, -21/161 HPs)
             Began as a Centaur Abyssal Knight on June 11, 2019.
             Was the Champion of Lugonu.
             Killed from afar by a hellion (27 damage)
             ... with damnation
             ... on level 2 of the Abyss on June 12, 2019.
             The game lasted 01:35:40 (60317 turns).

Gargoyl the Corrupter of Planes (CeAK)             Turns: 60317, Time: 01:35:41

Health: -21/161    AC: 25    Str: 17 (20) XL:     19   Next: 27%
Magic:  30/30      EV: 11    Int:  8      God:    Lugonu [******]
Gold:   2317       SH: 14    Dex: 16      Spells: 18/18 levels left

rFire    + + +     SeeInvis .   a - +7 war axe (venom)
rCold    + + +     Gourm    .   T - +2 shield of Resistance {rF+ rC+ MR+}
rNeg     + + +     Faith    .   I - +1 scale mail "Ocuhysh" {*Slow rC++ rN+ Dex+4}
rPois    +         Spirit   .   g - +2 helmet
rElec    .         Reflect  .   K - scarf {repulsion}
rCorr    +         Harm     .   x - +0 pair of gloves "Mieruotzung" {-Cast rF+ rN+++ MR+}
MR       +++++     Clarity  +   s - +4 centaur barding {rF+} Stlth ..........NoCast +
                                N - necklace of Bloodlust {*Rage +Rage MR++ Int-3 Slay+6 *Curse}
HPRegen  0.36/turn              O - ring of resist corrosion
MPRegen  0.22/turn              A - ring of Egalitarianism {+Blink rPois rF+ EV-2}

@: repel missiles, very quick
A: large, hooves 3, clarity, deformed body, deterioration 1, speed 2, sense
surroundings 1, tough skin 3, MP-powered wands, sturdy frame 1
}: 1/15 runes: serpentine
a: Depart the Abyss, Bend Space, Banish, Corrupt, Enter the Abyss, Brand Weapon
With Distortion, Renounce Religion, Evoke Blink, Evoke Berserk Rage


You were on level 2 of the Abyss.
You worshipped Lugonu.
Lugonu was exalted by your worship.
You were not hungry.

You visited 5 branches of the dungeon, and saw 30 of its levels.
You visited the Abyss 4 times.
You also visited: Ice Cave.

You collected 3800 gold pieces.
You spent 1483 gold pieces at shops.

Inventory:

Hand Weapons
 a - a +7 war axe of venom (weapon)
 r - a +0 war axe of flaming
 S - a +2 broad axe of freezing
Missiles
 v - 35 boomerangs (quivered)
Armour
 g - a +2 helmet (worn)
 j - a scarf of spirit shield
 s - a +4 centaur barding of fire resistance (worn)
 x - the +0 pair of gloves "Mieruotzung" (worn) {-Cast rF+ rN+++ MR+}
   (You acquired it on level 3 of the Snake Pit)

   It protects you from fire.
   It renders you almost immune to negative energy.
   It affects your resistance to hostile enchantments.
   It prevents spellcasting.
 I - the +1 scale mail "Ocuhysh" (worn) {*Slow rC++ rN+ Dex+4}
   (You bought it in a shop on level 8 of the Dungeon)

   It affects your dexterity (+4).
   It greatly protects you from cold.
   It protects you from negative energy.
   It may slow you when you take damage.
 K - a scarf of repulsion (worn)
 T - the +2 shield of Resistance (worn) {rF+ rC+ MR+}
   (You bought it in a shop on level 3 of the Snake Pit)

   It protects you from fire.
   It protects you from cold.
   It affects your resistance to hostile enchantments.
Jewellery
 y - an uncursed amulet of regeneration
 A - the ring of Egalitarianism (right hand) {+Blink rPois rF+ EV-2}
   (You bought it in a shop on level 2 of the Orcish Mines)

   [ring of evasion]

   It affects your evasion (-2).
   It protects you from fire.
   It protects you from poison.
   It lets you blink.
 N - the necklace of Bloodlust (around neck) {*Rage +Rage MR++ Int-3 Slay+6 *Curse}
   (You found it on level 5 of the Lair of Beasts)

   [amulet of rage]

   It affects your intelligence (-3).
   It affects your accuracy and damage with ranged weapons and melee attacks
   (+6).
   It affects your resistance to hostile enchantments.
   It lets you go berserk.
   It may make you go berserk in combat.
   It curses itself when equipped.
 O - a ring of resist corrosion (left hand)
 U - an uncursed amulet of harm
Wands
 d - a wand of clouds (3)
 h - a wand of acid (15)
 m - a wand of disintegration (34)
 t - a wand of enslavement (10)
 u - a wand of flame (41)
 w - a wand of paralysis (6)
 z - a wand of iceblast (23)
 B - a wand of scattershot (12)
 L - a wand of polymorph (17)
 M - a wand of random effects (25)
Scrolls
 f - 15 scrolls of identify
 i - 6 scrolls of remove curse
 l - 7 scrolls of teleportation
 p - 2 scrolls of magic mapping
 G - 9 scrolls of fear
 J - 6 scrolls of blinking
 P - a scroll of amnesia
Potions
 b - 2 potions of cancellation
 e - 4 potions of haste
 k - 6 potions of flight
 n - 5 potions of might
 q - 6 potions of magic
 C - a potion of brilliance
 E - 2 potions of berserk rage
 F - 2 potions of ambrosia
 H - 5 potions of lignification
 Q - 9 potions of curing
 R - 2 potions of agility
Comestibles
 c - 15 rations


   Skills:
 + Level 12.5 Fighting
 + Level 15.6 Axes
 + Level 3.1 Throwing
 * Level 12.2 Armour
 * Level 11.2 Dodging
 + Level 10.5 Shields
 * Level 15.7 Invocations
 + Level 2.3 Evocations


You had 18 spell levels left.
You didn't know any spells.
Your spell library contained the following spells:

 Spells                   Type           Power        Failure   Level  Hunger
 Searing Ray              Conj           #.....       75%         2    ###....
 Conjure Flame            Conj/Fire      #.......     93%         3    ####...
 Dazzling Spray           Conj/Hex       #.....       93%         3    ####...
 Static Discharge         Conj/Air       #.......     93%         3    ####...
 Stone Arrow              Conj/Erth      #.....       93%         3    ####...
 Fulminant Prism          Conj/Hex       #.........   100%        4    #####..
 Bolt of Draining         Conj/Necr      #.........   100%        5    ######.
 Bolt of Magma            Conj/Fire/Erth #.........   100%        5    ######.
 Dispel Undead            Necr           #.......     100%        5    ######.
 Iron Shot                Conj/Erth      #.........   100%        6    #######


Dungeon Overview and Level Annotations

Branches:
Dungeon (15/15)            Temple (0/1) D:6            Lair (6/6) D:11
  Swamp (0/4) Lair:4        Snake (4/4) Lair:4        Slime (0/5) Lair:5
    Orc (2/2) D:10            Elf (0/3) Orc:2        Vaults (3/5) D:14
  Crypt (0/3) Vaults:3     Depths (0/5) D:15

Altars:
Ashenzari
Dithmenos
Elyvilon
Fedhas
Nemelex Xobeh
Qazlal
Trog
Uskayaw
Vehumet
Xom
The Shining One
Beogh
Jiyva

Shops:
D:8 [[   Orc:2 (*=   Snake:3 =[

Annotations:
Lair:1 3 runed translucent doors, shruggingcutely's ghost, journeyman HaHu
Lair:2 3 runed translucent doors, gnuif's ghost, journeyman TrMo


Innate Abilities, Weirdness & Mutations

You have hooves in place of feet.
Armour fits poorly on your strangely shaped body.
You cover ground very quickly.
You have extremely tough skin. (AC +3)
You possess an exceptional clarity of mind.
Your body sometimes deteriorates upon taking damage.
You passively map a small area around you.
You expend magic power (3 MP) to strengthen your wands.
Your movements are slightly less encumbered by armour. (ER -2)


Message History

You feel less vulnerable to hostile enchantments.
You start resting.
You recover from your berserk rage.
You start resting.
A hellion comes into view.
Press: ? - help, Shift-Dir - straight line, f - hellion
Aim: a hellion (hasn't noticed you, chance to defeat MR: 63%)
Okay, then.
You feel much better.
The hellion gives a hideous shriek!
Your magic is already full.
Okay, then.
You drop 2 potions of degeneration.
You feel yourself speed up. The hellion gestures at you.
The sphere of damnation explodes!
The damnation engulfs you!!
* * * LOW HITPOINT WARNING * * *
The hellion gestures at you.
The sphere of damnation explodes!
The damnation engulfs you!!
You die...

.... ......
.. ...... ..
#...... . #.
....... ...
##.#.....
....#......#
.....:.....#
#..@..#
#.....#
.....#(..#
#......
#.?..
..2.=##
#.#.# .....
.. .# ....
#. | #... #?


You could see a hellion.

Vanquished Creatures
  Mara (Vaults:3)
  The ghost of Xeydgheza the Stormcaller, an adept DEAE of Vehumet (Vaults:2)
  Rupert (D:12)
  Jorgrun (D:11)
  Asterion (Snake:3)
  Gastronok (D:9)
  Agnes (Snake:3)
  An ancient champion (Vaults:3)
  13 nagarajas (Snake:4)
  A fire giant (Vaults:3)
  A frost giant (IceCv)
  5 vault wardens
  Aizul (Snake:4)
  An orc warlord (Orc:1)
  2 ironheart preservers
  3 very ugly things (Vaults:3)
  4 stone giants
  Nessos (Orc:2)
  An ettin (Vaults:2)
  The ghost of Sage1700 the Cleaver, a journeyman HuFi of Makhleb (D:12)
  Josephine (D:12)
  Snorg (D:13)
  5 yaktaur captains
  9 vault guards
  6 hydras
  20 naga warriors
  Harold (Lair:1)
  A death knight (Vaults:2)
  4 ice dragons
  5 centaur warriors
  A catoblepas (Lair:6)
  14 anacondas
  23 two-headed ogres
  5 ogre magi
  A deep troll shaman (Lair:6)
  3 orc high priests (Orc:1)
  15 death yaks
  A deep troll earth mage (Vaults:1)
  9 shock serpents
  A deep elf knight (Vaults:2)
  3 naga sharpshooters (Snake:4)
  A dancing weapon (Vaults:2)
  Sonja (D:13)
  A fire crab (shapeshifter) (Vaults:2)
  A shadow wraith (Vaults:3)
  10 skeletal warriors
  4 deep trolls
  2 flayed ghosts
  6 naga ritualists
  9 sea snakes (Snake:4)
  3 wizards
  An unseen horror (shapeshifter) (Abyss:2)
  An unseen horror (Vaults:1)
  A deep elf archer (Vaults:3)
  A harpy (shapeshifter) (D:15)
  3 harpies (Vaults:3)
  3 necromancers
  9 ironbrand convokers
  A lindwurm (Lair:6)
  12 orc knights
  5 mana vipers
  5 cyclopes
  4 wolf spiders
  5 orc sorcerers
  4 ugly things
  2 deep elf magi
  5 manticores
  2 salamanders
  11 elephants
  18 black mambas
  Maurice (Orc:2)
  6 guardian serpents
  15 vault sentinels
  17 naga magi
  A human skeleton (Vaults:1)
  Joseph (D:8)
  A torpor snail (Lair:5)
  2 gargoyles
  A storm dragon simulacrum (Vaults:2)
  3 rime drakes
  5 spiny frogs
  5 centaur skeletons
  23 yaktaurs
  2 freezing wraiths (Vaults:2)
  5 komodo dragons
  An ancient zyme (Abyss:1)
  2 ice devils (Lair:4)
  A tengu conjurer (D:15)
  A queen bee (Lair:3)
  17 polar bears
  4 hornets
  6 trolls
  A hornet (shapeshifter) (D:15)
  11 slime creatures
  34 blink frogs
  A meliai zombie (D:15)
  12 hippogriffs
  A spriggan (D:9)
  Sigmund (D:2)
  9 wyverns
  6 wraiths
  A basilisk (shapeshifter) (D:15)
  4 basilisks
  39 yaks
  A human (D:14)
  A golden eye (shapeshifter) (D:15)
  2 neqoxecs
  A steam dragon (Lair:3)
  A golden eye (Abyss:1)
  45 nagas
  9 wargs
  6 vampire mosquitoes
  A human simulacrum (Vaults:2)
  Duvessa (D:4)
  13 water moccasins
  8 porcupines
  39 orc warriors
  3 black bears
  7 ice beasts
  2 sky beasts
  An ice dragon simulacrum (Vaults:1)
  19 ogres
  4 eyes of draining
  An orc skeleton (Vaults:1)
  A phantom (D:12)
  22 centaurs
  34 wolves
  4 big kobolds
  14 crocodiles
  15 bullfrogs
  3 small abominations (Abyss:2)
  An ogre simulacrum (Vaults:1)
  Dowan (D:4)
  A glowing shapeshifter simulacrum (Vaults:1)
  8 scorpions
  78 killer bees
  3 electric eels
  3 howler monkeys (D:8)
  11 wights
  7 crimson imps
  A bullfrog zombie (D:13)
  2 centaur zombies
  2 quasits
  5 hounds
  3 jellies
  16 orc priests
  4 bullfrog skeletons
  An iron imp (Abyss:1)
  4 iguanas
  Terence (D:2)
  25 orc wizards
  7 worker ants
  A hell rat (Lair:3)
  A hound zombie (D:5)
  A hound skeleton (D:10)
  A worker ant zombie (D:5)
  An adder (shapeshifter) (Vaults:1)
  6 adders
  8 gnolls
  A river rat (Lair:3)
  8 shadow imps
  An ufetubus (Abyss:2)
  A worm zombie (D:8)
  2 adder zombies
  3 worms (D:2)
  A dart slug (D:2)
  3 leopard geckos
  99 orcs
  4 bats
  2 giant cockroaches
  6 goblins
  A hobgoblin (D:3)
  5 jackals
  24 kobolds
  2 quokkas
  A ball python (D:7)
  A frilled lizard (D:2)
  A jackal zombie (D:8)
  An orc zombie (D:8)
  8 rats
  A bush (Lair:6)
  A fungus (Lair:6)
  9 plants
1189 creatures vanquished.

Vanquished Creatures (others)
  3 hydras
  An ogre mage (D:11)
  A death yak (Lair:6)
  A two-headed ogre (D:9)
  An orc knight (D:10)
  4 oklob plants (Lair:2)
  A cyclops (D:10)
  A yak (IceCv)
  A large abomination (Abyss:2)
  2 orc warriors
  A centaur (D:15)
  An orc (D:12)
  A kobold (D:12)
  37 fungi
  38 plants
94 creatures vanquished.

Grand Total: 1283 creatures vanquished

Notes
Turn   | Place    | Note
-------+----------+-------------------------------------------
     0 | Abyss:1  | Gargoyl the Centaur Abyssal Knight began the quest for the
                  | Orb.
     0 | Abyss:1  | Reached XP level 1. HP: 19/19 MP: 2/2
    38 | Abyss:1  | Found a sacrificial altar of Ru.
    89 | Abyss:1  | Noticed a white very ugly thing
   106 | Abyss:1  | Noticed a small abomination
   109 | Abyss:1  | Noticed a profane servitor
   118 | D:1      | Escaped the Abyss
   600 | D:1      | Reached * piety under Lugonu
   854 | D:2      | Reached XP level 2. HP: 26/26 MP: 3/3
  1031 | D:3      | Found a white marble altar of Elyvilon.
  1091 | D:3      | Reached skill level 1 in Dodging
  1367 | D:4      | Reached XP level 3. HP: 3/31 MP: 1/4
  1849 | D:3      | Reached XP level 4. HP: 23/39 MP: 3/5
  2056 | D:3      | Found a faded altar of an unknown god.
  2688 | D:2      | Found a shadowy altar of Dithmenos.
  2700 | D:2      | Noticed a moth of wrath
  2702 | D:2      | Found a bloodstained altar of Trog.
  2822 | D:2      | Reached XP level 5. HP: 46/46 MP: 7/7
  2917 | D:2      | Noticed Terence
  2954 | D:2      | Killed Terence
  3609 | D:2      | Noticed Sigmund
  3667 | D:2      | Killed Sigmund
  3667 | D:2      | Reached XP level 6. HP: 35/52 MP: 4/8
  3794 | D:3      | Reached ** piety under Lugonu
  4283 | D:4      | Found a sparkling altar of Nemelex Xobeh.
  4293 | D:4      | Noticed Duvessa
  4311 | D:4      | Killed Duvessa
  4335 | D:4      | Noticed Dowan
  4365 | D:4      | Killed Dowan
  4618 | D:4      | Reached XP level 7. HP: 56/59 MP: 9/9
  4631 | D:4      | Found a hide-covered altar of Uskayaw.
  4856 | D:5      | Entered Level 5 of the Dungeon
  5499 | D:5      | Found a shattered altar of Ashenzari.
  5499 | D:5      | Found a radiant altar of Vehumet.
  5816 | D:4      | Reached skill level 1 in Shields
  6226 | D:5      | Reached XP level 8. HP: 23/66 MP: 3/11
  7473 | D:6      | Found a blossoming altar of Fedhas.
  8221 | D:6      | Found a staircase to the Ecumenical Temple.
  8301 | D:6      | Reached *** piety under Lugonu
  8462 | D:7      | Reached skill level 5 in Armour
  8873 | D:7      | Reached skill level 5 in Invocations
  8939 | D:7      | Reached XP level 9. HP: 64/73 MP: 10/12
  9405 | D:7      | Reached skill level 5 in Axes
  9518 | D:7      | Reached skill level 5 in Fighting
  9607 | D:8      | Found Riahi Yca's Armour Boutique.
  9637 | D:8      | You fall into a shaft and drop 2 floors!
  9637 | D:10     | Entered Level 10 of the Dungeon
  9653 | D:10     | Reached **** piety under Lugonu
  9892 | D:10     | Noticed a cyclops
  9894 | D:10     | Banished a cyclops
  9894 | D:10     | Reached XP level 10. HP: 61/81 MP: 14/14
  9972 | D:10     | HP: 6/121 [poisoned by a scorpion]
  9977 | D:10     | HP: 4/121 [poisoned by a scorpion]
  9984 | D:10     | HP: 3/121 [poisoned by a scorpion]
  9991 | D:10     | HP: 3/121 [poisoned by a scorpion]
  9999 | D:10     | HP: 2/81 [poisoned by a scorpion]
 10369 | D:10     | Found a roughly hewn altar of Beogh.
 10492 | D:10     | HP: 4/81 [poisoned by a scorpion]
 10500 | D:10     | HP: 4/81 [poisoned by a scorpion]
 10508 | D:10     | HP: 4/81 [poisoned by a scorpion]
 10628 | D:10     | Noticed an orc knight
 10631 | D:10     | Banished an orc knight
 11397 | D:8      | Identified a scroll of acquirement
 11467 | D:8      | Noticed Joseph
 11483 | D:8      | Killed Joseph
 11901 | D:8      | Found Veicvam's Antique Armour Shop.
 11938 | D:8      | Found a glowing golden altar of the Shining One.
 12003 | D:8      | Bought the +1 scale mail "Ocuhysh" {*Slow rC++ rN+ Dex+4}
                  | for 607 gold pieces
 12014 | D:8      | Upgraded the game from 0.24-a0-417-g1cce26a4d2 to
                  | 0.24-a0-422-g9eff3895ba
 12591 | D:8      | Found a stormy altar of Qazlal.
 13164 | D:9      | Identified the ring of Amalleat {rPois MR- MP+9 Str-3
                  | Dex+8}
 13649 | D:9      | Noticed a two-headed ogre
 13673 | D:9      | Banished a two-headed ogre
 14251 | D:10     | Noticed Gastronok
 14278 | D:9      | Reached skill level 5 in Dodging
 14472 | D:9      | Killed Gastronok
 14472 | D:9      | Reached XP level 11. HP: 65/89 MP: 14/16
 15012 | D:10     | Noticed a two-headed ogre
 15019 | D:10     | Killed a two-headed ogre
 15152 | D:10     | Reached skill level 1 in Evocations
 15598 | D:10     | Found a staircase to the Orcish Mines.
 16710 | D:11     | Found a staircase to the Lair.
 16713 | D:11     | Noticed a two-headed ogre
 16742 | D:11     | Killed a two-headed ogre
 16742 | D:11     | Reached skill level 1 in Throwing
 16795 | D:11     | Reached ***** piety under Lugonu
 17431 | D:11     | Gained mutation: Your body sometimes deteriorates upon
                  | taking damage. [potion of mutation]
 17431 | D:11     | Gained mutation: You are agile. (Dex +2) [potion of
                  | mutation]
 17431 | D:11     | Gained mutation: You are dopey. (Int -2) [potion of
                  | mutation]
 17431 | D:11     | Gained mutation: Your movements are slightly less
                  | encumbered by armour. (ER -2) [potion of mutation]
 17660 | D:11     | Noticed a skeletal warrior
 17660 | D:11     | Noticed a skeletal warrior
 17661 | D:11     | Noticed a skeletal warrior
 17661 | D:11     | Noticed a skeletal warrior
 17706 | D:10     | Killed a skeletal warrior
 17926 | D:10     | Killed a skeletal warrior
 17926 | D:10     | Reached skill level 5 in Shields
 18145 | D:10     | Killed a skeletal warrior
 18355 | D:11     | Killed a skeletal warrior
 18412 | D:11     | Noticed a red ugly thing
 18641 | D:11     | Killed a red ugly thing
 18641 | D:11     | Reached XP level 12. HP: 20/97 MP: 8/18
 19003 | D:11     | Noticed an ogre mage
 19003 | D:11     | Noticed a two-headed ogre
 19006 | D:11     | Noticed a two-headed ogre
 19007 | D:11     | Noticed a two-headed ogre
 19011 | D:11     | Noticed a two-headed ogre
 19032 | D:11     | Killed a two-headed ogre
 19035 | D:11     | Banished an ogre mage
 19415 | D:11     | Found a radiant altar of Vehumet.
 19468 | D:11     | Killed a two-headed ogre
 19558 | D:11     | Killed a two-headed ogre
 19868 | D:11     | Killed a two-headed ogre
 19922 | D:12     | Noticed Josephine
 19952 | D:12     | Killed Josephine
 20256 | D:12     | Noticed Jorgrun
 20306 | Abyss:1  | Gained mutation: You are occasionally teleported next to
                  | monsters. [a neqoxec]
 20307 | Abyss:1  | Gained mutation: You expend magic power (3 MP) to
                  | strengthen your wands. [a neqoxec]
 20314 | Abyss:1  | Lost mutation: You are agile. (Dex +2) [a neqoxec]
 20654 | D:11     | Escaped the Abyss
 20966 | Lair:1   | Entered Level 1 of the Lair of Beasts
 20995 | D:11     | Killed Jorgrun
 21314 | Lair:1   | Noticed a five-headed hydra
 21342 | Lair:1   | Banished a six-headed hydra
 21342 | Lair:1   | Reached skill level 10 in Invocations
 21909 | Lair:1   | Reached XP level 13. HP: 84/105 MP: 18/20
 21931 | Lair:1   | Noticed Harold
 21963 | Lair:1   | Killed Harold
 22191 | Lair:1   | Found a runed translucent gate.
 22464 | Lair:1   | Found a runed translucent gate.
 22464 | Lair:1   | Found a runed translucent gate.
 22466 | Lair:1   | Noticed shruggingcutely's ghost (journeyman HaHu)
 22578 | Lair:2   | Found a runed translucent gate.
 22579 | Lair:2   | Found a runed translucent gate.
 22683 | Lair:2   | Found a runed translucent gate.
 22689 | Lair:2   | Noticed gnuif's ghost (journeyman TrMo)
 25183 | Lair:3   | Lost mutation: Your body sometimes deteriorates upon taking
                  | damage. [potion of mutation]
 25183 | Lair:3   | Lost mutation: You are dopey. (Int -2) [potion of mutation]
 25183 | Lair:3   | Lost mutation: You are occasionally teleported next to
                  | monsters. [potion of mutation]
 25183 | Lair:3   | Gained mutation: You possess an exceptional clarity of
                  | mind. [potion of mutation]
 25183 | Lair:3   | Gained mutation: You passively map a small area around you.
                  | [potion of mutation]
 25647 | Lair:3   | Reached skill level 10 in Axes
 27608 | Lair:4   | Found a staircase to the Snake Pit.
 27858 | Lair:4   | Found a frozen archway.
 27897 | IceCv    | Entered an ice cave
 28197 | IceCv    | Reached XP level 14. HP: 110/114 MP: 22/22
 28638 | IceCv    | Noticed a frost giant
 29144 | IceCv    | Killed a frost giant
 29315 | IceCv    | Identified the Reference Book on Earthen Necromancy
 29969 | Lair:4   | Found a staircase to the Swamp.
 30195 | Lair:4   | You fall into a shaft and drop 1 floor!
 30427 | Lair:5   | Found the cursed necklace of Bloodlust {*Rage +Rage MR++
                  | Int-3 Slay+6 *Curse}
 31513 | Lair:5   | Found a staircase to the Slime Pits.
 31513 | Lair:5   | Found a viscous altar of Jiyva.
 32098 | Lair:6   | Entered Level 6 of the Lair of Beasts
 33494 | Lair:6   | Reached XP level 15. HP: 105/123 MP: 21/24
 33569 | Lair:6   | Reached skill level 10 in Armour
 34596 | D:12     | Reached ****** piety under Lugonu
 34651 | D:12     | Found a large runed translucent door.
 34651 | D:12     | Found a large runed translucent door.
 34651 | D:12     | Noticed Sage1700's ghost (journeyman HuFi)
 34665 | D:12     | Killed Sage1700's ghost
 34737 | D:12     | Noticed Rupert
 34767 | D:12     | Killed Rupert
 35654 | D:13     | Noticed Snorg
 35662 | D:13     | Killed Snorg
 36169 | D:13     | Noticed Sonja
 36178 | D:13     | Killed Sonja
 37729 | D:14     | Found a gate to the Vaults.
 38208 | D:15     | Entered Level 15 of the Dungeon
 38260 | D:15     | Found a staircase to the Depths.
 39258 | D:15     | Found a shimmering altar of Xom.
 39396 | Orc:1    | Entered Level 1 of the Orcish Mines
 39790 | Orc:1    | Found a roughly hewn altar of Beogh.
 39870 | Orc:2    | Entered Level 2 of the Orcish Mines
 39893 | Orc:2    | Noticed Nessos
 40083 | Orc:2    | Reached XP level 16. HP: 132/132 MP: 25/25
 40264 | Orc:2    | Gained mutation: Your body sometimes deteriorates upon
                  | taking damage. [a neqoxec]
 40960 | Orc:2    | Killed Nessos
 40972 | Orc:2    | Found Qiul's Jewellery Shoppe.
 41117 | Orc:2    | Found Baptugusk's Antique Armour Emporium.
 41171 | Orc:2    | Bought the cursed ring of Egalitarianism {+Blink rPois rF+
                  | EV-2} for 260 gold pieces
 41260 | Orc:2    | Noticed Maurice
 41270 | Orc:2    | Killed Maurice
 41712 | Orc:2    | Found a staircase to the Elven Halls.
 41721 | Orc:2    | Found Gujo's General Store.
 41849 | Orc:2    | Found Mobrun's Antique Weapon Shop.
 42324 | Snake:1  | Entered Level 1 of the Snake Pit
 43153 | Snake:1  | Reached skill level 10 in Fighting
 45982 | Snake:3  | Noticed Agnes
 46049 | Abyss:1  | Noticed a lich
 46050 | Abyss:1  | Noticed a tentacled starspawn
 46389 | Snake:3  | Escaped the Abyss
 46400 | Snake:3  | Killed Agnes
 46624 | Snake:3  | Noticed Asterion
 47034 | Snake:3  | Found Atomikaff's Armour Boutique.
 47034 | Snake:3  | Found Wemi's Jewellery Shop.
 47042 | Snake:3  | Bought the +2 shield of Resistance {rF+ rC+ MR+} for 616
                  | gold pieces
 47042 | Snake:3  | Found the +2 shield of Resistance {rF+ rC+ MR+}
 47241 | Snake:3  | Killed Asterion
 47909 | Snake:4  | Entered Level 4 of the Snake Pit
 47921 | Snake:4  | Reached XP level 17. HP: 117/141 MP: 27/27
 48904 | Snake:4  | Reached skill level 10 in Dodging
 49109 | Snake:4  | Identified Woakits's Collected Works on Confrontation
 49120 | Snake:4  | Noticed Aizul
 49281 | Snake:3  | Got a pair of ichor-stained gloves
 49292 | Snake:3  | Identified the +0 pair of gloves "Mieruotzung" {-Cast rF+
                  | rN+++ MR+} (You acquired it on level 3 of the Snake Pit)
 52083 | Snake:4  | Killed Aizul
 52895 | Snake:4  | Reached skill level 10 in Shields
 53082 | Snake:4  | Got a serpentine rune of Zot
 53515 | Vaults:1 | Entered Level 1 of the Vaults
 53555 | Vaults:1 | Reached XP level 18. HP: 129/151 MP: 29/29
 53565 | Vaults:1 | Reached skill level 15 in Invocations
 55382 | Vaults:1 | You fall into a shaft and drop 1 floor!
 56594 | Vaults:2 | Reached skill level 15 in Axes
 56664 | Vaults:2 | Found a runed translucent door.
 56664 | Vaults:2 | Found a shimmering altar of Xom.
 56664 | Vaults:2 | Noticed Xeydgheza's ghost (adept DEAE)
 58184 | Vaults:2 | Killed Xeydgheza's ghost
 58553 | Vaults:3 | Noticed Mara
 58889 | Vaults:3 | Reached XP level 19. HP: 160/160 MP: 30/30
 59336 | Vaults:3 | Killed Mara
 60030 | Vaults:3 | Found a staircase to the Crypt.
 60071 | Vaults:3 | Noticed a lich
 60275 | Vaults:3 | HP: 12/241 [yaktaur[a yaktaur captain] (3)]
 60291 | Abyss:1  | HP: 7/161 [chaos spawn (6)]
 60291 | Abyss:1  | HP: 1/161 [chaos spawn (6)]
 60317 | Abyss:2  | HP: 6/161 [hellion/damnation (29)]
 60317 | Abyss:2  | Killed from afar by a hellion

Levels and vault maps discovered:
D:1:      wander_arrival_fairy_ring, layout_basic
D:2:      layout_loops_ring, grunt_dithmenos_smoke, tgw_trog, uniq_sigmund,
          uniq_terence
D:3:      layout_loops_corners, elyvilon_altar_3,
          chequers_ecumenical_altar_simple_redux
D:4:      layout_basic, kennysheep_mini_moat, kennysheep_little_box,
          first_ration, uniq_duvessa
D:5:      layout_loops_ring, grunt_temple_overflow_open
D:6:      layout_loops_corners, old_standard_altar, temple_hall, st_stairs_13,
          minmay_misc_feat_enclosed
D:7:      layout_basic
D:8:      layout_layer_cave, old_standard_altar,
          nicolae_qazlal_eye_of_the_storm, enter_ossuary_3, serial_shops,
          shop_coins, shop, uniq_joseph
D:9:      layout_long_grid, grunt_pizzeria, moated_statue
D:10:     layout_layer_cave, david_orc_5, uniq_gastronok
D:11:     layout_roguey, due_lair_maze_entry_diamond, lemuel_statue_altar
D:12:     layout_roguey, ebering_ghost_disaster_area, uniq_jorgrun,
          uniq_josephine, uniq_rupert
D:13:     layout_gridville, uniq_snorg, uniq_sonja
D:14:     layout_irregular_city, grunt_vaults_entry_fortified,
          serial_park_square2
D:15:     grunt_enter_depths_snipers, layout_basic,
          chequers_serial_rivers_micro_a, basic_altar
Lair:1:   layout_big_grid, ebering_ghost_rock_garden, uniq_harold
Lair:2:   dragon1_lemuel, layout_gridlike, gammafunk_ghost_necromancy,
          chequers_serial_rivers_small_3, minmay_lair_oklob_chamber
Lair:3:   regret_index_wax_grids, layout_chaotic_city, serial_bayou_shore_a
Lair:4:   layout_loops_ring, swamp_mist_pool,
          minmay_snake_entry_guardpost_small, portal_ice_cave_demonic_guard,
          serial_bayou_ford_a
Lair:5:   wad_woods_minihive, layout_hall_layers, slime_altar_1,
          lemuel_fruit_fields, infiniplex_staircase_pool
Lair:6:   grunt_lair_end_beastmaster, layout_loops_ring
Snake:1:  layout_onion_interference
Snake:2:  layout_rooms
Snake:3:  layout_honeycomb, minmay_shoptagon, uniq_asterion, uniq_agnes
Snake:4:  grunt_snake_rune_pools, layout_rooms, guppyfry_snake_island,
          grunt_megastairs_2, uniq_aizul
Orc:1:    layout_caves, bh_open_orc_temple
Orc:2:    grunt_orc_gardens, layout_diamond_mine, grunt_orc_garden,
          grunt_orc_garden, grunt_orc_garden, grunt_orc_garden, uniq_maurice,
          uniq_nessos
Vaults:1: v_rooms_5, ontoclasm_vaults_gateway, v_misc_14,
          nicolae_vaults_stairing_the_circle, hangedman_vaults_slice,
          ontoclasm_vaults_loading_screen, ontoclasm_vaults_decontamination,
          layout_vaults_chaotic_city
Vaults:2: ebering_vaults_ghost_xom, nicolae_vaults_display_case,
          vaults_standard_mumra_x, hangedman_vaults_variations,
          nicolae_vaults_little_squares_4, nicolae_vaults_triangles, v_rooms_2,
          nicolae_vaults_three_branches, grunt_vaults_bifocal,
          nicolae_vaults_twisting_passages, ontoclasm_vaults_ring_small,
          hangedman_vaults_corner_blocks, layout_vaults_omnibox
Vaults:3: v_misc_30, minmay_crypt_entry_simple_corners, dpeg_vaults_monster_box,
          v_alt_pattern_5, ontoclasm_vaults_idyll, vaults_room_hallway,
          st_lattice, nicolae_vaults_ring_of_whatevers, v_pattern_2,
          layout_vaults_omnigrid, uniq_mara
Abyss:2:  hangedman_shadowy_showcase

Skill      XL: |  1  2  3  4  5  6  7  8  9 10 11 12 13 14 15 16 17 18 |
---------------+-------------------------------------------------------+-----
Axes           | 2 3 4 6 7 8 9 10 11 12 13 14 15 | 15.6
Dodging        | 1 2 3 4 5 6 7 8 9 10 11 | 11.2
Armour         | 2 3 4 5 6 7 8 9 10 11 12 | 12.2
Invocations    | 3 4 5 6 7 8 10 11 12 13 14 15 | 15.7
Fighting       | 4 5 6 7 8 9 10 11 12 | 12.5
Shields        | 1 2 3 4 5 6 7 8 9 10 | 10.5
Evocations     | 1 2 |  2.3
Throwing       | 1 2 3 |  3.1

Action                   |  1- 3 |  4- 6 |  7- 9 | 10-12 | 13-15 | 16-18 | 19-21 || total
-------------------------+-------+-------+-------+-------+-------+-------+-------++-------
Melee: Hand axe          |    68 |   193 |   468 |   923 |   110 |       |       ||  1762
       Kick              |    13 |    44 |   111 |   332 |   504 |   559 |    53 ||  1616
       War axe           |       |       |       |       |  1253 |  1353 |   123 ||  2729
Throw: Boomerang         |       |       |     3 |    33 |    26 |     3 |       ||    65
Invok: Depart the Abyss  |     1 |       |       |     1 |       |     1 |       ||     3
       Banish            |       |       |       |     9 |     9 |     1 |       ||    19
       Enter the Abyss   |       |       |       |     1 |       |     1 |     1 ||     3
 Abil: Evoke Berserk Rag |       |       |       |       |     3 |    11 |     1 ||    15
Evoke: Wand              |       |       |     1 |    13 |    13 |       |       ||    27
  Use: Potion            |     1 |     4 |     1 |     8 |     3 |     7 |     1 ||    25
       Scroll            |     4 |     5 |     8 |    10 |    15 |     8 |     1 ||    51
 Stab: Petrified         |       |       |       |       |     4 |       |       ||     4
  Eat: Chunk             |     1 |     7 |     7 |     2 |    32 |     9 |     3 ||    61
       Ration            |       |     1 |     2 |    11 |     7 |    17 |     2 ||    40
Armor: Leather armour    |     9 |       |       |       |       |       |       ||     9
       Scale mail        |    33 |    84 |   245 |   436 |   692 |   435 |    49 ||  1974
       Skin              |       |       |       |     6 |       |       |       ||     6
Dodge: Dodged            |    36 |    54 |    59 |   135 |   429 |   323 |    46 ||  1082
       Deflected         |       |       |       |       |     7 |    63 |     7 ||    77
Block: Large shield      |       |    38 |   272 |   704 |  1266 |   440 |       ||  2720
       Shield            |       |       |       |       |       |   548 |    81 ||   629

Table legend:
 A = Non-vault XP
 B = Vault XP
 C = Vault XP percentage of total XP
 D = Non-vault monster count
 E = Vault monster count
 F = Vault count percentage of total count
                 A         B        C        D         E       F
            +---------+---------+-------+---------+---------+-------
      Total |  223932 |  179850 |  44.5 |     781 |     412 |  34.5
            +---------+---------+-------+---------+---------+-------
        D:1 |      39 |       0 |   0.0 |      10 |       0 |   0.0
        D:2 |      82 |     250 |  75.3 |      15 |       7 |  31.8
        D:3 |      80 |       0 |   0.0 |      18 |       0 |   0.0
        D:4 |     360 |     230 |  39.0 |      10 |       2 |  16.7
        D:5 |     598 |       0 |   0.0 |      14 |       0 |   0.0
        D:6 |     512 |     113 |  18.1 |      16 |       1 |   5.9
        D:7 |    1360 |       0 |   0.0 |      34 |       0 |   0.0
        D:8 |    1668 |     443 |  21.0 |      28 |       4 |  12.5
        D:9 |    1521 |    2585 |  63.0 |      23 |       3 |  11.5
       D:10 |    6293 |     814 |  11.5 |      32 |      23 |  41.8
       D:11 |    9358 |    3924 |  29.5 |      37 |       9 |  19.6
       D:12 |    6976 |    5675 |  44.9 |      42 |       6 |  12.5
       D:13 |    7186 |    1847 |  20.4 |      32 |       2 |   5.9
       D:14 |    2374 |    7207 |  75.2 |      15 |      10 |  40.0
       D:15 |   10646 |    2284 |  17.7 |      32 |       3 |   8.6
     Lair:1 |    5598 |     965 |  14.7 |      25 |       1 |   3.8
     Lair:2 |    7155 |    3292 |  31.5 |      24 |      13 |  35.1
     Lair:3 |    4667 |    5232 |  52.9 |      20 |      41 |  67.2
     Lair:4 |    4196 |    1177 |  21.9 |      16 |       5 |  23.8
     Lair:5 |   12292 |    2987 |  19.5 |      33 |      48 |  59.3
     Lair:6 |    8550 |    8457 |  49.7 |      26 |      18 |  40.9
    Snake:1 |   18354 |       0 |   0.0 |      32 |       0 |   0.0
    Snake:2 |   11312 |       0 |   0.0 |      24 |       0 |   0.0
    Snake:3 |    8737 |    4877 |  35.8 |      15 |       2 |  11.8
    Snake:4 |   20649 |   49280 |  70.5 |      30 |      62 |  67.4
      Orc:1 |    1892 |    5352 |  73.9 |      24 |      10 |  29.4
      Orc:2 |    4582 |    7131 |  60.9 |      36 |      21 |  36.8
   Vaults:1 |   28223 |    8722 |  23.6 |      43 |      23 |  34.8
   Vaults:2 |   16828 |   28917 |  63.2 |      25 |      38 |  60.3
   Vaults:3 |   20000 |   16455 |  45.1 |      40 |      12 |  23.1
    Abyss:1 |     747 |       0 |   0.0 |       4 |       0 |   0.0
    Abyss:2 |    1097 |       0 |   0.0 |       6 |       0 |   0.0
      IceCv |       0 |   11634 | 100.0 |       0 |      48 | 100.0
            +---------+---------+-------+---------+---------+-------
